 Dungeon Crawl Stone Soup version 0.20.0-6-gd3061e9 (console) character file.

3191 removed the Digger (level 9, 0/48 HPs)
             Began as a Vine Stalker Earth Elementalist on May 28, 2017.
             Was a Priest of Elyvilon.
             Slain by a killer bee (8 damage)
             ... on level 6 of the Dungeon.
             The game lasted 00:23:56 (6641 turns).

removed the Digger (VSEE)                           Turns: 6641, Time: 00:23:57

Health: 0/48       AC:  8    Str: 11    XL:     9   Next: 96%
Magic:  0/17       EV: 15    Int: 18    God:    Elyvilon [***...]
Gold:   442        SH:  0    Dex: 21    Spells: 12/18 levels left

rFire    . . .     SeeInvis .   a - +3 dagger (venom)
rCold    . . .     Gourm    .   (no shield)
rNeg     . . .     Faith    .   H - +3 leather armour
rPois    .         Spirit   +   n - +0 hat
rElec    .         Reflect  .   J - scarf {cloud immunity}
rCorr    .         Harm     .   (no gloves)
MR       ++...                  y - +1 pair of boots
Stlth    ++........             (no amulet)
Regen    0.6/turn               A - +6 ring of dexterity
MPRegen  0.2/turn               p - ring of protection from magic

@: lethally poisoned (0 -> -14)
A: fangs 3, regeneration 1, magic shield, antimagic bite, no potion heal 3, rot
immunity
a: Lesser Healing, Heal Other, Purification, Divine Protection, Renounce
Religion


You were on level 6 of the Dungeon.
You worshipped Elyvilon.
Elyvilon was most pleased with you.
You were hungry.

You visited 1 branch of the dungeon, and saw 7 of its levels.

You collected 442 gold pieces.

Inventory:

Hand Weapons
 a - a +3 dagger of venom (weapon)
 f - a +0 club
 h - a +0 hunting sling
 B - a +1 whip of freezing
 M - a +3 dagger
 R - a +0 long sword of protection
Missiles
 b - 21 stones (quivered)
 E - 3 throwing nets
Armour
 n - a +0 hat (worn)
 y - a +1 pair of boots (worn)
 H - a +3 leather armour (worn)
 J - a scarf of cloud immunity (worn)
Jewellery
 l - an uncursed ring of see invisible
 p - a ring of protection from magic (right hand)
 A - a +6 ring of dexterity (left hand)
 D - an uncursed ring of wizardry
 U - an uncursed ring of protection from magic
Wands
 K - a wand of polymorph (24/24)
Scrolls
 g - a scroll of teleportation
 j - 3 scrolls of identify
 m - 2 scrolls of fear
 s - a scroll of recharging
 t - 3 scrolls of magic mapping
 z - 2 scrolls of amnesia
 S - 3 scrolls of remove curse
 W - a scroll of blinking {unknown}
Potions
 o - a potion of agility
 q - 3 potions of haste
 r - a potion of lignification
 u - a potion of flight
 v - a potion of mutation
 G - a potion of brilliance
 P - 3 potions of resistance
 T - a potion of might
 Y - a potion of berserk rage {unknown}
Books
 e - a book of Geomancy

   Spells                             Type                      Level
   a - Sandblast                      Earth                        1
   b - Passwall                       Transmutation/Earth          2
   c - Stone Arrow                    Conjuration/Earth            3
   d - Petrify                        Transmutation/Earth          4
   e - Lee's Rapid Deconstruction     Earth                        5
Comestibles
 d - 5 bread rations
 i - 4 royal jellies
 X - 2 meat rations


   Skills:
 - Level 6.1 Fighting
 + Level 4.5 Dodging
 - Level 2.4 Stealth
 - Level 5.0 Spellcasting
 - Level 5.4 Conjurations
 - Level 1.0 Transmutations
 - Level 7.1 Earth Magic
 - Level 4.1 Invocations


You had 12 spell levels left.
You knew the following spells:

 Your Spells              Type           Power        Failure   Level  Hunger
a - Sandblast             Erth           ####..       1%          1    None
b - Passwall              Tmut/Erth      ###.......   4%          2    #......
c - Stone Arrow           Conj/Erth      ####..       4%          3    ##.....


Dungeon Overview and Level Annotations

Branches:
Dungeon (7/15)             Temple (0/1) D:7

Altars:
Elyvilon
Qazlal
Zin

Shops:
D:3 *

Annotations:
D:5 exclusion: 2 downstairs


Innate Abilities, Weirdness & Mutations

You have razor-sharp teeth.
Your natural rate of healing is unusually fast.
When hurt, damage is shared between your health and your magic reserves.
Your bite disrupts and absorbs the magic of your enemies.
Potions cannot restore your health.
You are immune to rotting.


Message History

The killer bee poisons you! The killer bee completely misses you.
Press: ? - help, v - describe, . - travel A stone staircase leading down, spattered with blood.
Okay, then.
You are healed.
You are feeling hungry.
* * * LOW HITPOINT WARNING * * *
You feel sick. The killer bee stings you.
* * * LOW HITPOINT WARNING * * *
The killer bee stings you but does no damage.
The killer bee stings you.
* * * LOW HITPOINT WARNING * * *
You are more poisoned.
The killer bee poisons you! The killer bee closely misses you.
You are healed.
You feel somewhat more hungry.
* * * LOW HITPOINT WARNING * * *
You feel very sick.
You kill the killer bee!
The killer bee completely misses you. The killer bee stings you!
You die...

.##.# #............#
#...... .##.#
#.####...###.# ####.##
.##.# #.####...###.# #...
....#
#.##......##.##############
.####
#)##.#....##..........# .#
#.............##......# ##
####.....#....##.##...#
####.###y.....##..###
##.#@#..#####..#.##
#.y##..#####.....#
###<#..........##.##
#...#.....#######.#
#.###.....# ####.#### #.#
#.....# #.......# #.#
#.....# #§##.##.# #(#
####### #.##.##.# #<#
#§##.##.#


You could see 2 killer bees.

Vanquished Creatures
  A two-headed ogre (D:6)
  Pikel (D:4)
  Grinder (D:3)
  The ghost of anfisbena the Skirmisher, an amateur HOFi (D:3)
  Duvessa (D:5)
  A necrophage (D:7)
  A phantom (D:6)
  3 centaurs
  A bullfrog (D:7)
  Dowan (D:5)
  2 scorpions
  2 killer bees (D:6)
  3 crimson imps
  2 orc priests (D:5)
  A centaur zombie (D:5)
  5 hounds
  6 orc wizards
  A bullfrog skeleton (D:6)
  5 worker ants
  Terence (D:3)
  A killer bee zombie (D:5)
  A hound skeleton (D:7)
  2 worker ant zombies
  5 gnolls
  4 adders
  A shadow imp (D:5)
  An ooze (D:1)
  2 adder skeletons
  5 worms
  7 leopard geckos
  15 orcs
  4 giant cockroaches
  12 goblins
  7 hobgoblins
  2 jackals (D:4)
  8 kobolds
  A ball python (D:3)
  6 bats
  6 frilled lizards
  2 quokka zombies (D:7)
  6 rats
138 creatures vanquished.

Notes
Turn   | Place    | Note
-------+----------+-------------------------------------------
     0 | D:1      | removed the Vine Stalker Earth Elementalist began the quest for the Orb.
     0 | D:1      | Reached XP level 1. HP: 9/9 MP: 4/4
   120 | D:1      | Reached XP level 2. HP: 12/13 MP: 3/6
   519 | D:1      | Reached skill level 4 in Earth Magic
   637 | D:1      | Reached XP level 3. HP: 16/16 MP: 4/7
  1116 | D:2      | Found a white marble altar of Elyvilon.
  1232 | D:2      | Learned a level 2 spell: Passwall
  1322 | D:2      | Gained mutation: Your natural rate of healing is unusually fast. [Vine Stalker growth]
  1322 | D:2      | Reached XP level 4. HP: 21/21 MP: 3/8
  1436 | D:2      | Reached skill level 5 in Earth Magic
  1889 | D:3      | Noticed Terence
  2047 | D:3      | Noticed anfisbena's ghost (amateur HOFi)
  2169 | D:3      | Noticed Grinder
  2369 | D:3      | Killed Terence
  2369 | D:3      | Reached XP level 5. HP: 24/24 MP: 2/9
  2487 | D:3      | Found a glowing silver altar of Zin.
  2487 | D:3      | Found Zin's Purification Station.
  2514 | D:2      | Became a worshipper of Elyvilon the Healer
  2534 | D:3      | Reached skill level 6 in Earth Magic
  2541 | D:3      | Learned a level 3 spell: Stone Arrow
  2612 | D:3      | Reached XP level 6. HP: 28/28 MP: 7/11
  2856 | D:4      | Noticed a slave
  2859 | D:4      | Noticed Pikel
  2860 | D:4      | Noticed a slave
  2887 | D:4      | Noticed a slave
  2888 | D:4      | Noticed a slave
  3152 | D:4      | Killed Pikel
  3152 | D:4      | Reached skill level 5 in Conjurations
  3152 | D:4      | Reached XP level 7. HP: 28/32 MP: 3/14
  3195 | D:4      | Reached * piety under Elyvilon
  3350 | D:4      | Found a stormy altar of Qazlal.
  3368 | D:4      | Gained mutation: You have razor-sharp teeth. [Vine Stalker growth]
  3368 | D:4      | Reached XP level 8. HP: 35/36 MP: 11/15
  3713 | D:5      | Entered Level 5 of the Dungeon
  4030 | D:5      | Noticed Duvessa
  4101 | D:5      | Reached ** piety under Elyvilon
  4471 | D:5      | Reached skill level 1 in Fighting
  4904 | D:6      | Noticed a two-headed ogre
  5154 | D:6      | Reached *** piety under Elyvilon
  5270 | D:6      | Killed a two-headed ogre
  5270 | D:6      | Reached XP level 9. HP: 48/48 MP: 0/16
  5708 | D:5      | Noticed Dowan
  5716 | D:5      | Killed Duvessa
  5716 | D:5      | Reached skill level 7 in Earth Magic
  5716 | D:5      | Reached skill level 1 in Invocations
  5722 | D:5      | Killed Dowan
  5839 | D:3      | Killed Grinder
  5948 | D:3      | Killed anfisbena's ghost
  6385 | D:7      | Reached skill level 5 in Spellcasting
  6553 | D:7      | Found a staircase to the Ecumenical Temple.
  6641 | D:6      | Slain by a killer bee

Skill      XL: |  1  2  3  4  5  6  7  8  9 |
---------------+----------------------------+-----
Earth Magic    | 4 5 6 7 |  7.1
Spellcasting   | 3 4 5 |  5.0
Conjurations   | 5 |  5.4
Dodging        | 2 4 |  4.5
Fighting       | 6 |  6.1
Invocations    | 4 |  4.1
Stealth        | |  2.4
Transmutations | |  1.0

Action                   |  1- 3 |  4- 6 |  7- 9 || total
-------------------------+-------+-------+-------++-------
Melee: Dagger            |    21 |    58 |   142 ||   221
       Bite              |     4 |    10 |    60 ||    74
 Cast: Sandblast         |    37 |    66 |    57 ||   160
       Passwall          |     4 |       |       ||     4
       Stone Arrow       |       |     3 |    28 ||    31
Invok: Lesser Healing    |       |       |     2 ||     2
  Use: Scroll            |       |       |    17 ||    17
 Stab: Sleeping          |       |     1 |     4 ||     5
  Eat: Chunk             |     2 |     6 |    13 ||    21
Armor: Robe              |     5 |    13 |     1 ||    19
       Leather armour    |       |       |    48 ||    48
Dodge: Dodged            |    10 |    45 |   167 ||   222
